 Dungeon Sprint DCSS version 0.21.1-1-g345015fe64 (webtiles) character file.

448 Jannitor the Grappler (level 6, -4/71 HPs)
             Began as a Troll Monk on June 4, 2018.
             Was an Elder of Jiyva.
             Slain by Sonja
             ... wielding a +1 dagger of distortion
              (8 damage)
             ... in the Dungeon (Sprint I: "Red Sonja").
             The game lasted 00:01:36 (128 turns).

Jannitor the Grappler (Troll Monk)                   Turns: 128, Time: 00:01:36

Health: -4/71      AC:  5    Str: 22    XL:     6   Next: 73%
Magic:  5/5        EV: 13    Int:  6    God:    Jiyva [****..]
Gold:   37         SH:  0    Dex: 12    Spells: 2/5 levels left

rFire    . . .     SeeInvis .     - Unarmed
rCold    . . .     Gourm    +   (no shield)
rNeg     . . .     Faith    .   a - +0 robe
rPois    .         Spirit   .   (helmet restricted)
rElec    .         Reflect  .   (no cloak)
rCorr    +         Harm     .   (gloves unavailable)
MR       .....     NoTele   +   (boots unavailable)
Stlth    ++........             (no amulet)
HPRegen  0.61/turn              (no ring)
MPRegen  0.09/turn              (no ring)

@: lethally poisoned (-4 -> -5), slowed, very slow
A: large, unfitting armour, claws 3, fast metabolism 3, gourmand, regeneration
1, shaggy fur 1, tough skin 2
a: Request Jelly, Slimify, Renounce Religion


You were in the Dungeon.
You worshipped Jiyva.
Jiyva was greatly pleased with you.
You were very full.

You visited 1 branch You collected 297 gold pieces.
You spent 260 gold pieces at shops.

Inventory:

Armour
 a - a +0 robe (worn)
Wands
 i - a wand of random effects (31)
Scrolls
 h - 2 scrolls of blinking
Potions
 c - a potion of curing
 d - a potion of heal wounds
 e - a potion of haste
 f - 2 potions of magic
Books
 g - a book of Cantrips

   Spells                             Type                      Level
   a - Confusing Touch                Hexes                        1
   b - Animate Skeleton               Necromancy                   1
   c - Summon Small Mammal            Summoning                    1
   d - Apportation                    Translocation                1
Comestibles
 b - 2 rations


   Skills:
 + Level 7.5 Fighting
 + Level 7.5 Dodging
 - Level 1.0 Stealth
 + Level 9.0 Unarmed Combat
 + Level 0.0 Hexes
 + Level 0.0 Necromancy
 + Level 0.0 Translocations


You had 2 spell levels left.
You knew the following spells:

 Your Spells              Type           Power        Failure   Level  Hunger
a - Animate Skeleton      Necr           N/A          45%         1    ##.....
b - Apportation           Tloc           #.....       45%         1    ##.....
c - Confusing Touch       Hex            #.....       45%         1    ##.....


Dungeon Overview and Level Annotations

Branches:
Dungeon (1/1)

Altars:
Cheibriados
Dithmenos
Elyvilon
Fedhas
Gozag
Hepliaklqana
Kikubaaqudgha
Makhleb
Nemelex Xobeh
Okawaru
Qazlal
Ru
Sif Muna
Trog
Uskayaw
Vehumet
Wu Jian
Xom
Yredelemnul
Zin
The Shining One
Jiyva
Lugonu

Shops:
D :

Annotations:
D Sonja


Innate Abilities, Weirdness & Mutations

You are too large for most types of armour.
You have claws for hands.
Your metabolism is lightning-fast.
You like to eat raw meat.
Your natural rate of healing is unusually fast.
You are covered in fur. (AC +1)
You have very tough skin. (AC +2)


Message History

* * * LOW HITPOINT WARNING * * *
Space bends around you.
* * * LOW HITPOINT WARNING * * *
Sonja hits you but does no damage. Space bends around you.
* * * LOW HITPOINT WARNING * * *
Sonja hits you with an uncursed dagger of distortion.
* * * LOW HITPOINT WARNING * * *
Space bends around you.
* * * LOW HITPOINT WARNING * * *
You claw Sonja! Your claw misses Sonja.
Sonja is moderately wounded.
You feel sick. Sonja hits you but does no damage. Sonja barely misses you.
Sonja closely misses you.
You hear a distant slurping noise.
You can now turn your foes to slime.
Jiyva alters your body.
You feel clumsy. Jiyva appreciates your sacrifice.
You feel a little less hungry.
Sonja hits you with an uncursed dagger of distortion!
You die...

###################
#<.#..').#..'..#__#
#..'[.#..)..#.J'..+
#..#####'#####J#__#
#..####..#...#.####
#..#__####.(##.#
#..#_____##'#_.+
#⌠⌠#_.∩...'..._#
####_..__##@.#+#
#_____###K# #######
.# .$ .$# .## +#


You could see Sonja.

Vanquished Creatures
  Sigmund (D)
  A yak (D)
  An ogre (D)
  A jelly (D)
  Ijyb (D)
5 creatures vanquished.

Notes
Turn   | Place    | Note
-------+----------+-------------------------------------------
     0 | D        | Jannitor the Troll Monk began the quest for the Orb.
     0 | D        | Reached XP level 1. HP: 22/22 MP: 0/0
     1 | D        | Noticed Ijyb
    12 | D        | Killed Ijyb
    12 | D        | Reached skill level 4 in Unarmed Combat
    12 | D        | Reached XP level 2. HP: 31/31 MP: 1/1
    13 | D        | Noticed an ogre
    16 | D        | Killed an ogre
    16 | D        | Reached skill level 5 in Fighting
    16 | D        | Reached skill level 5 in Dodging
    16 | D        | Reached skill level 6 in Unarmed Combat
    16 | D        | Reached XP level 3. HP: 42/42 MP: 2/2
    16 | D        | Reached XP level 4. HP: 50/50 MP: 3/3
    42 | D        | Noticed Sigmund
    47 | D        | Killed Sigmund
    47 | D        | Reached skill level 7 in Unarmed Combat
    47 | D        | Reached XP level 5. HP: 57/61 MP: 4/4
    47 | D        | Reached XP level 6. HP: 64/68 MP: 5/5
    65 | D        | Found a deep blue altar of Sif Muna.
    66 | D        | Found an ornate altar of the Wu Jian Council.
    67 | D        | Found a radiant altar of Vehumet.
    72 | D        | Reached skill level 8 in Unarmed Combat
    78 | D        | Found a viscous altar of Jiyva.
    78 | D        | Found a corrupted altar of Lugonu.
    78 | D        | Noticed a slime creature
    79 | D        | Found a burning altar of Makhleb.
    79 | D        | Found a shimmering altar of Xom.
    81 | D        | Became a worshipper of Jiyva Juroga the Shapeless
    81 | D        | Reached * piety under Jiyva
    81 | D        | Reached ** piety under Jiyva
   103 | D        | Found Xacuelauf's Book Emporium.
   103 | D        | Found an ancient bone altar of Kikubaaqudgha.
   103 | D        | Found a hazy altar of Hepliaklqana.
   103 | D        | Found a hide-covered altar of Uskayaw.
   103 | D        | Found a basalt altar of Yredelemnul.
   103 | D        | Found an opulent altar of Gozag.
   103 | D        | Found a snail-covered altar of Cheibriados.
   103 | D        | Found a sacrificial altar of Ru.
   103 | D        | Found a shadowy altar of Dithmenos.
   103 | D        | Noticed a yak
   104 | D        | Found a stormy altar of Qazlal.
   104 | D        | Found a blossoming altar of Fedhas.
   104 | D        | Found a bloodstained altar of Trog.
   104 | D        | Found an iron altar of Okawaru.
   104 | D        | Found a glowing golden altar of the Shining One.
   104 | D        | Found a glowing silver altar of Zin.
   104 | D        | Found a white marble altar of Elyvilon.
   104 | D        | Reached *** piety under Jiyva
   104 | D        | Gained mutation: You are agile. (Dex +2) [Jiyva's grace]
   108 | D        | Killed a yak
   108 | D        | Reached skill level 9 in Unarmed Combat
   109 | D        | Found a sparkling altar of Nemelex Xobeh.
   113 | D        | Bought a book of Cantrips for 260 gold pieces
   115 | D        | Learned a level 1 spell: Animate Skeleton
   117 | D        | Learned a level 1 spell: Apportation
   119 | D        | Learned a level 1 spell: Confusing Touch
   124 | D        | Noticed Sonja
   128 | D        | Reached **** piety under Jiyva
   128 | D        | Lost mutation: You are agile. (Dex +2) [Jiyva's grace]
   128 | D        | Slain by Sonja

Skill      XL: |  1  2  3  4  5  6 |
---------------+-------------------+-----
Fighting       | 3 5 6 7 |  7.5
Dodging        | 3 5 6 7 |  7.5
Unarmed Combat | 4 6 7 9 |  9.0
Stealth        | |  1.0

Action                   |  1- 3 |  4- 6 || total
-------------------------+-------+-------++-------
Melee: Unarmed           |     9 |     9 ||    18
       Punch             |       |     1 ||     1
Evoke: Wand              |       |     3 ||     3
  Use: Potion            |     1 |       ||     1
 Stab: Sleeping          |       |     1 ||     1
  Eat: Chunk             |       |     6 ||     6
Armor: Robe              |     2 |     4 ||     6
Dodge: Dodged            |     5 |     9 ||    14
